 Dungeon Crawl Stone Soup version 0.17.1-2-g5865329 (webtiles) character file.

135 Clownie the Gusty (level 5, -2/24 HPs)
             Began as a Vine Stalker Air Elementalist on Jan 21, 2016.
             Slain by a gnoll
             ... wielding a +1 spear of freezing
              (5 damage)
             ... on level 4 of the Dungeon.
             The game lasted 00:05:58 (2836 turns).

Clownie the Gusty (Vine Stalker Air Elementalist)   Turns: 2836, Time: 00:05:58

Health: -2/24      AC:  4    Str: 10    XL:     5   Next: 18%
Magic:  0/9        EV: 12    Int: 16    God:
Gold:   80         SH:  0    Dex: 15    Spells: 3 memorised, 3 levels left

rFire  + . .     SeeInvis .     u - staff of summoning
rCold  . . .     Clarity  .     g - +2 robe {rF+}
rNeg   . . .     SustAt   .     (no shield)
rPois  .         Gourm    +     (no helmet)
rElec  .         Spirit   +     (no cloak)
rCorr  .         Warding  +     (no gloves)
rMut   .         Stasis   .     (no boots)
MR     +....                    a - amulet of the gourmand
Stlth  ++........               (no ring)
                                n - ring of protection from magic

@: somewhat resistant to hostile enchantments, unstealthy
A: fangs 2, regeneration 1, magic shield, antimagic bite, no device heal 3, rot
immunity
a: no special abilities


You were on level 4 of the Dungeon.
You were not hungry.

You visited 1 branch of the dungeon, and saw 4 of its levels.

You collected 80 gold pieces.

Inventory:

Hand Weapons
 e - a +0 short sword
Armour
 g - a +2 robe of fire resistance (worn)
Magical Staves
 u - an uncursed staff of summoning (weapon)
Jewellery
 a - an amulet of the gourmand (around neck)
 n - a ring of protection from magic (left hand)
 o - an uncursed ring of flight {unknown}
Wands
 f - a wand of random effects (10)
Scrolls
 h - 2 scrolls of immolation {unknown}
 l - 6 scrolls of teleportation {unknown}
 m - 3 scrolls of remove curse {unknown}
 p - a scroll of blinking {unknown}
 q - a scroll of random uselessness {unknown}
 r - a scroll of identify
 v - a scroll of fear {unknown}
Potions
 d - 2 potions of brilliance
 j - 2 potions of mutation {unknown}
 s - a potion of agility {unknown}
 t - a potion of curing {unknown}
Books
 b - a book of Air

   Spells                             Type                      Level
   a - Shock                          Conjuration/Air              1
   b - Swiftness                      Charms/Air                   2
   c - Repel Missiles                 Charms/Air                   2
   d - Static Discharge               Conjuration/Air              3
   e - Lightning Bolt                 Conjuration/Air              5
Comestibles
 c - 3 bread rations
 i - a meat ration
 k - 4 fruits


   Skills:
 - Level 1.5 Dodging
 - Level 2.4 Stealth
 - Level 2.1 Spellcasting
 + Level 3.4 Conjurations
 + Level 4.5 Air Magic


You had 3 spell levels left.
You knew the following spells:

 Your Spells              Type           Power        Failure   Level  Hunger
a - Shock                 Conj/Air       ##..         4%          1    #......
b - Repel Missiles        Chrm/Air       #.....       14%         2    ###....
c - Swiftness             Chrm/Air       #.......     14%         2    ###....


Dungeon Overview and Level Annotations

Branches:
Dungeon (4/15)
 Temple: D:4-7

Altars:
Dithmenos
Elyvilon
Fedhas
Nemelex Xobeh
Okawaru
Qazlal
Sif Muna


Innate Abilities, Weirdness & Mutations

You have extremely sharp teeth.
Your natural rate of healing is unusually fast.
When hurt, damage is shared between your health and your magic reserves.
Your bite disrupts and absorbs the magic of your enemies.
Potions and wands cannot restore your health.
You are immune to rotting.


Message History

The gnoll hits you from afar with a spear of freezing.
* * * LOW HITPOINT WARNING * * *
The gnoll freezes you.
* * * LOW HITPOINT WARNING * * *
Unknown command.
Evoke which item? (* to show all) (? for menu, Esc to quit)
Zapping:
f - a wand of random effects {zapped: 4} (will waste charges)
Press: ? - help, Shift-Dir - straight line, f/p - gnoll
Aim: a gnoll, wielding a spear of freezing (moderately wounded)
The gnoll looks slightly unstable.
Evoking this partially-identified wand wasted a few charges.
The gnoll closely misses you.
Evoke which item? (* to show all) (? for menu, Esc to quit)
Zapping:
f - a wand of random effects {zapped: 6} (will waste charges)
Press: ? - help, Shift-Dir - straight line, f/p - gnoll
Aim: a gnoll, wielding a spear of freezing (moderately wounded)
The gnoll resists with significant effort.
Evoking this partially-identified wand wasted a few charges.
The gnoll hits you from afar with a spear of freezing.
You die...

.................
............#####
....##..##..##...
.... #..##.......
... ....###'##...
###+###..##..##...
#....##..+...#....
#..).######g.#....
+@.g.##..##..#####
#.....'..##..### .
#....$#........+..
#.....#........#..
#######........#..
#####....#..
#....### #....#
......#


You could see a gnoll.

Vanquished Creatures
  A centaur skeleton (D:3)
  2 gnolls (D:4)
  2 adders (D:2)
  An ooze (D:3)
  2 worms (D:2)
  2 giant geckos
  4 orcs
  3 giant cockroaches
  6 hobgoblins
  6 quokkas
  2 ball pythons
  10 bats
  6 giant newts
  2 goblins
  5 jackals
  5 kobolds
  5 rats
64 creatures vanquished.

Notes
Turn   | Place    | Note
--------------------------------------------------------------
     0 | D:1      | Clownie the Vine Stalker Air Elementalist began the quest for the Orb.
     0 | D:1      | Reached XP level 1. HP: 9/9 MP: 4/4
   192 | D:1      | Reached XP level 2. HP: 13/13 MP: 0/6
   554 | D:2      | Reached XP level 3. HP: 16/16 MP: 2/7
   742 | D:2      | Found a blossoming altar of Fedhas.
   934 | D:2      | Reached skill level 4 in Air Magic
  1507 | D:2      | Reached XP level 4. HP: 21/21 MP: 0/8
  1670 | D:3      | Learned a level 2 spell: Repel Missiles
  1673 | D:3      | Learned a level 2 spell: Swiftness
  1810 | D:3      | Found a sparkling altar of Nemelex Xobeh.
  1813 | D:3      | Found a stormy altar of Qazlal.
  1816 | D:3      | Found a deep blue altar of Sif Muna.
  1819 | D:3      | Found a white marble altar of Elyvilon.
  2331 | D:3      | Found a shadowy altar of Dithmenos.
  2332 | D:3      | Found a blossoming altar of Fedhas.
  2508 | D:4      | Reached XP level 5. HP: 24/24 MP: 4/9
  2627 | D:4      | Found an iron altar of Okawaru.
  2630 | D:4      | Noticed an ogre
  2836 | D:4      | Slain by a gnoll

Action                   |  1- 3 |  4- 6 || total
-------------------------+-------+-------++-------
Melee: Unarmed           |    15 |       ||    15
       Short sword       |    34 |    15 ||    49
       Staff             |       |     5 ||     5
 Cast: Shock             |    75 |    65 ||   140
       Swiftness         |       |     1 ||     1
Evoke: Wand              |     1 |     3 ||     4
  Use: Scroll            |     2 |       ||     2
  Eat: Chunk             |    12 |     2 ||    14
